 Dungeon Crawl Stone Soup version 0.30.1-11-g7821555f0a (webtiles) character file.

Game seed: 15240550731425156309

106 Curundu the Chopper (level 4, 0/40 HPs)
             Began as a Hill Orc Berserker on Dec 28, 2023.
             Was a Believer of Trog.
             Slain by an orc wizard
             ... wielding a +0 dagger
              (2 damage)
             ... on level 3 of the Dungeon.
             The game lasted 00:05:41 (2076 turns).

Curundu the Chopper (Hill Orc Berserker)            Turns: 2076, Time: 00:05:41

Health: 0/40       AC:  9    Str: 21    XL:     4   Next: 84%
Magic:  4/4        EV: 11    Int:  7    God:    Trog [**....]
Gold:   130        SH:  3    Dex: 10    Spells: 3/3 levels left

rFire   . . .        a - +0 hand axe
rCold   . . .        l - +0 buckler
rNeg    . . .        i - +0 ring mail
rPois   .            (no helmet)
rElec   .            o - +2 cloak
rCorr   .            (no gloves)
SInv    .            e - +0 pair of boots
Will    .....        (no amulet)
Stlth   +            (no ring)
HPRegen 0.26/turn    (no ring)
MPRegen 0.09/turn

%: no passive effects
@: no status effects
A: no striking features
a: Renounce Religion, Berserk, Trog's Hand


You were on level 3 of the Dungeon.
You worshipped Trog.
Trog was pleased with you.
You visited 1 branch of the dungeon, and saw 3 of its levels.

You collected 130 gold pieces.

Inventory:

Hand Weapons
 a - a +0 hand axe (weapon)
Armour
 e - a +0 pair of boots (worn)
 i - a +0 ring mail (worn)
 l - a +0 buckler (worn)
 o - a +2 cloak (worn)
Scrolls
 d - a scroll of poison {unknown}
 h - 2 scrolls of identify {unknown}
 k - 3 scrolls of teleportation {unknown}
Potions
 b - a potion of might {unknown}
 c - a potion of curing {unknown}
 f - a potion of magic {unknown}
 g - 2 potions of lignification {unknown}
 j - 2 potions of attraction {unknown}
 m - a potion of heal wounds {unknown}
 n - 2 potions of haste {unknown}
 p - a potion of ambrosia {unknown}


   Skills:
 + Level 4.3 Fighting
 + Level 5.8 Axes
 + Level 2.4 Armour
 + Level 2.2 Dodging
 + Level 0.3 Stealth


You had 3 spell levels left.
You didn't know any spells.
Your spell library was empty.

Dungeon Overview and Level Annotations

Branches:
Dungeon (3/15)

Altars:
Kikubaaqudgha


Message History

You see here a quokka corpse.
You bump into the rock wall.
You hear some strange, mumbled words.
A magic dart appears from out of thin air!
The magic dart hits you. The bat hits you but does no damage.
You feel less confused. Something hits you but does no damage.
You closely miss something. You miss the bat.
The bat hits you but does no damage. Something barely misses you.
You hit something but do no damage. You slash the bat!
You kill the bat!
Trog accepts your kill. Something hits you but does no damage.
You miss something. Something hits you but does no damage.
You hit something but do no damage. Something hits you but does no damage.
You barely miss something. Something hits you.
You barely miss something. Something hits you but does no damage.
You barely miss something. Something hits you but does no damage.
You barely miss something.
You hear some strange, mumbled words.
Something tries to affect you, but you resist.
You miss something. Something hits you.
You miss something. Something hits you.
You miss something. Something hits you but does no damage.
You miss something. Something hits you but does no damage.
You barely miss something. Something hits you but does no damage.
You closely miss something. Something hits you.
Something completely misses you.
You miss something. You block something's attack.
You closely miss something. Something hits you.
You hit something. Something hits you.
You barely miss something. Something hits you but does no damage.
You miss something. Something hits you.
You hit something.
You hear some strange, mumbled words.
A puff of flame appears from out of thin air!
The puff of flame hits you!
* * * LOW HITPOINT WARNING * * *
You hit something. Something hits you.
You die...

#......##.#.#########.##
#......##.#.# #.##
#......##.#.# #######..#
#......##.#.# #........#
#......##.#.# #........#
#......##.#.# #........#
#......##.# ########.#
###.##.##.#.### #†.
#..){@....... ##.
####†##...... ##
......$.# ..... #
######### .... # ... #
.. # ## ..


There were no monsters in sight!

Vanquished Creatures
  4 adders
  A worm (D:3)
  3 dart slugs
  3 orcs (D:3)
  5 ball pythons
  5 endoplasms
  3 giant cockroaches
  3 hobgoblins
  3 jackals (D:2)
  A kobold (D:1)
  2 quokkas (D:3)
  7 bats
  A frilled lizard (D:1)
  7 goblins
  9 rats
57 creatures vanquished.

Notes
Turn   | Place    | Note
-------+----------+-------------------------------------------
     0 | D:1      | Curundu the Hill Orc Berserker began the quest for the Orb.
     0 | D:1      | Reached XP level 1. HP: 19/19 MP: 1/1
   146 | D:1      | Reached XP level 2. HP: 27/27 MP: 2/2
   444 | D:1      | Reached XP level 3. HP: 29/33 MP: 3/3
   455 | D:1      | Reached ** piety under Trog
   694 | D:2      | Found an ancient bone altar of Kikubaaqudgha.
   729 | D:2      | Reached skill level 5 in Axes
   965 | D:2      | Reached XP level 4. HP: 40/40 MP: 4/4
  2075 | D:3      | HP: 2/40 [something/puff of flame (12)]
  2076 | D:3      | Slain by an orc wizard

Illustrated notes

Levels and vault maps discovered:
D:1:      minmay_arrival_four_circles, layout_rooms, minmay_octomino_e4
D:2:      layout_loops_ring, basic_altar, kennysheep_small_spiral,
          minmay_bisected
D:3:      layout_basic

Skill      XL: |  1  2  3 |
---------------+----------+-----
Fighting       | 4 |  4.3
Dodging        | 2 |  2.2
Axes           | 5 |  5.8
Armour         | |  2.4
Stealth        | |  0.3

Action                     |  1- 3 |  4- 6 || total
---------------------------+-------+-------++-------
  Melee: Hand axe          |    92 |    86 ||   178
 Armour: Animal skin       |    23 |       ||    23
         Ring mail         |    16 |    41 ||    57
  Dodge: Dodged            |    75 |    38 ||   113
  Block: Buckler           |     5 |     7 ||    12
